 Dungeon Crawl Stone Soup version 0.17.1-3-g152610e (webtiles) character file.

1122 Gargoyl the Skirmisher (level 8, -4/62 HPs)
             Began as a Demonspawn Abyssal Knight on Mar 21, 2016.
             Was an Elder of Lugonu.
             Slain by GFox's ghost (12 damage)
             ... on level 6 of the Dungeon.
             The game lasted 00:13:37 (5788 turns).

Gargoyl the Skirmisher (Demonspawn Abyssal Knight)  Turns: 5788, Time: 00:13:38

Health: -4/62      AC: 19    Str: 13 (15) XL:     8   Next: 12%
Magic:  0/10       EV:  5    Int: 13      God:    Lugonu [****..]
Gold:   84         SH:  0    Dex: 13      Spells: 0 memorised, 7 levels left

rFire  . . .     SeeInvis .     l - +0 war axe (chaos)
rCold  . . .     Clarity  .     k - +0 plate armour
rNeg   . . .     SustAt   .     (no shield)
rPois  .         Gourm    .     (no helmet)
rElec  .         Spirit   +     q - +0 cloak
rCorr  .         Warding  .     i - +1 pair of gloves
rMut   .         Stasis   .     (no boots)
MR     .....                    (no amulet)
Stlth  ..........               (no ring)
                                m - +4 ring of protection

@: lethally poisoned (-4 -> -14), very slightly contaminated, drained,
invisible, not resistant to hostile enchantments, extremely unstealthy
A: talons 2, foul stench 1, magic shield, rot immunity
a: Depart the Abyss, Bend Space, Banish, Corrupt, Renounce Religion


You were on level 6 of the Dungeon.
You worshipped Lugonu.
Lugonu was greatly pleased with you.
You were not hungry.

You visited 1 branch of the dungeon, and saw 6 of its levels.
You visited the Abyss 1 time.

You collected 383 gold pieces.
You spent 299 gold pieces at shops.

Inventory:

Hand Weapons
 a - a +1 hand axe
 l - a +0 war axe of chaos (weapon)
 n - a +0 flail
Missiles
 s - 3 javelins (quivered)
Armour
 i - a +1 pair of gloves (worn)
 k - a +0 plate armour (worn)
 q - a +0 cloak (worn)
Jewellery
 m - a +4 ring of protection (left hand)
Scrolls
 b - 6 scrolls of remove curse
 d - 5 scrolls of identify
 e - 5 scrolls of teleportation
 r - a scroll of magic mapping {unknown}
 u - a scroll of blinking
Potions
 f - a potion of cancellation {unknown}
 g - a potion of curing {unknown}
 h - a potion of lignification
 j - a potion of brilliance {unknown}
 p - a potion of invisibility
Comestibles
 c - 5 bread rations
 t - a beef jerky


   Skills:
 + Level 5.2(5.0) Fighting
 + Level 4.5(4.3) Axes
 * Level 4.9(4.8) Armour
 + Level 4.3(4.2) Dodging
 + Level 0.6(0.4) Stealth
 + Level 2.9(2.8) Invocations


You had 7 spell levels left.
You didn't know any spells.

Dungeon Overview and Level Annotations

Branches:
Dungeon (6/15)             Temple (0/1) D:5

Altars:
Ashenzari
Dithmenos
Elyvilon
Gozag
Makhleb
Vehumet
Yredelemnul
The Shining One

Shops:
D:5 ?

Annotations:
D:6 GFox's ghost, novice TrCK


Innate Abilities, Weirdness & Mutations

You have razor-sharp toenails.
You may emit foul miasma when damaged in melee.
When hurt, damage is shared between your health and your magic reserves.
You are immune to rotting.


Message History

You feel sick.
GFox's ghost hits you but does no damage.
You are lethally poisoned!
* * * LOW HITPOINT WARNING * * *
You feel sick.
* * * LOW HITPOINT WARNING * * *
You feel sick.
* * * LOW HITPOINT WARNING * * *
You feel sick.
* * * LOW HITPOINT WARNING * * *
You feel sick.
Drink which item? (? for menu, Esc to quit)
It was a potion of degeneration.
There was something very wrong with that liquid.
You feel weakened.
* * * LOW HITPOINT WARNING * * *
You feel sick.
GFox's ghost hits you but does no damage.
You are electrocuted!
You die...

...+...............
...#...............
.######'##########
.........).......#
..........)......#
.................#
.................#
.................#
..............@..#
..............W..#
.................#####
###########........
......#.#....>.
......._.......
......#.#......
#####..........
..#########


You could see GFox's ghost.

Vanquished Creatures
  A wyvern (D:3)
  The ghost of kirsanium the Sneak, an amateur VSAs of Okawaru (D:3)
  An ogre (D:4)
  An ice beast (D:5)
  A scorpion (D:5)
  A crimson imp (D:5)
  2 orc wizards
  A giant frog zombie (D:5)
  A jelly (D:5)
  3 orc priests
  A centaur skeleton (D:5)
  4 worker ants
  A killer bee zombie (D:5)
  A worker ant zombie (D:5)
  4 gnolls (D:4)
  10 adders
  A shadow imp (D:5)
  An ooze (D:3)
  2 adder skeletons
  17 orcs
  9 bats
  11 giant cockroaches
  3 hobgoblins
  4 quokkas
  2 ball pythons
  4 giant geckos
  3 giant newts
  7 goblins
  6 jackals
  6 kobolds
  2 quokka skeletons
  7 rats
119 creatures vanquished.

Notes
Turn   | Place    | Note
--------------------------------------------------------------
     0 | Abyss:1  | Gargoyl the Demonspawn Abyssal Knight began the quest for the Orb.
     0 | Abyss:1  | Reached XP level 1. HP: 18/18 MP: 2/2
   163 | Abyss:1  | Found a corrupted altar of Lugonu.
   263 | Abyss:1  | Noticed a starcursed mass
   270 | D:1      | Escaped the Abyss
   277 | D:1      | Noticed a black bear
   277 | D:1      | Noticed a seven-headed hydra
   278 | D:1      | Noticed a black mamba
   278 | D:1      | Noticed an iguana
   454 | D:1      | Reached skill level 1 in Dodging
   792 | D:1      | Gained mutation: You have sharp toenails. [demonic ancestry]
   792 | D:1      | Reached XP level 2. HP: 24/24 MP: 3/3
   793 | D:1      | Reached * piety under Lugonu
  1309 | D:2      | Reached XP level 3. HP: 29/29 MP: 5/5
  1952 | D:2      | Reached ** piety under Lugonu
  1963 | D:2      | Gained mutation: When hurt, damage is shared between your health and your magic reserves. [demonic ancestry]
  1963 | D:2      | Reached XP level 4. HP: 30/35 MP: 6/6
  2122 | D:3      | Noticed kirsanium's ghost (amateur VSAs)
  2146 | D:3      | Killed kirsanium's ghost
  2146 | D:3      | Gained mutation: You are immune to rotting. [demonic ancestry]
  2146 | D:3      | Reached XP level 5. HP: 39/41 MP: 7/7
  2206 | D:3      | Found a burning altar of Makhleb.
  2225 | D:3      | Found a radiant altar of Vehumet.
  2239 | D:3      | Found an opulent altar of Gozag.
  2253 | D:3      | Found a glowing golden altar of the Shining One.
  2352 | D:3      | Noticed a wyvern
  2387 | D:3      | HP: 1/61 [wyvern (6)]
  2388 | D:3      | Killed a wyvern
  2388 | D:3      | Reached skill level 4 in Fighting
  2388 | D:3      | Gained mutation: You may emit foul miasma when damaged in melee. [demonic ancestry]
  2388 | D:3      | Reached XP level 6. HP: 1/48 MP: 0/8
  3434 | D:4      | Reached *** piety under Lugonu
  3662 | D:4      | Reached XP level 7. HP: 55/55 MP: 9/9
  4137 | D:5      | Entered Level 5 of the Dungeon
  4486 | D:5      | Found a shattered altar of Ashenzari.
  4516 | D:5      | Found a staircase to the Ecumenical Temple.
  4596 | D:5      | Found a basalt altar of Yredelemnul.
  4958 | D:5      | Reached skill level 5 in Fighting
  4966 | D:5      | Found a white marble altar of Elyvilon.
  4984 | D:5      | Found an opulent altar of Gozag.
  5014 | D:5      | Reached **** piety under Lugonu
  5309 | D:5      | Gained mutation: You have razor-sharp toenails. [demonic ancestry]
  5309 | D:5      | Reached XP level 8. HP: 58/62 MP: 10/10
  5398 | D:5      | Found Cabi's Magic Scroll Shoppe.
  5403 | D:5      | Bought a scroll of brand weapon for 260 gold pieces
  5403 | D:5      | Bought a scroll of teleportation for 39 gold pieces
  5745 | D:6      | Found a shadowy altar of Dithmenos.
  5768 | D:6      | Noticed GFox's ghost (novice TrCK)
  5776 | D:6      | Paralysed by GFox's ghost for 5 turns
  5788 | D:6      | Slain by GFox's ghost

Action                   |  1- 3 |  4- 6 |  7- 9 || total
-------------------------+-------+-------+-------++-------
Melee: Hand axe          |   115 |       |       ||   115
       War axe           |    16 |   149 |   231 ||   396
Invok: Depart the Abyss  |     1 |       |       ||     1
       Bend Space        |       |     1 |       ||     1
  Use: Scroll            |       |     3 |     6 ||     9
       Potion            |       |     2 |     2 ||     4
  Eat: Chunk             |     3 |     1 |     2 ||     6
       Fruit             |       |     3 |       ||     3
       Bread ration      |       |     1 |     1 ||     2
